 Dungeon Crawl Stone Soup version 0.28.0-45-g0d030f2227 (webtiles) character file.

Game seed: 1954613680344444986

35 seaoflcl the Covered (level 3, -2/29 HPs)
             Began as a Human Fighter on Apr 24, 2022.
             Slain by an ogre
             ... wielding a +0 giant club
              (9 damage)
             ... on level 2 of the Dungeon.
             The game lasted 00:02:18 (1781 turns).

seaoflcl the Covered (Human Fighter)                Turns: 1781, Time: 00:02:19

Health: -2/29      AC:  8    Str: 18    XL:     3   Next: 52%
Magic:  3/3        EV:  5    Int:  8    God:
Gold:   109        SH: 12    Dex: 12    Spells: 2/2 levels left

rFire   . . .      SeeInvis .   a - +0 long sword
rCold   . . .      Faith    .   e - +0 tower shield {rPois}
rNeg    . . .      Spirit   .   b - +0 scale mail
rPois   +          Reflect  .   (no helmet)
rElec   .          Harm     .   k - scarf {repulsion}
rCorr   .          Rampage  .   l - +0 pair of gloves
Will    +....                   (no boots)
Stlth   ..........              (no amulet)
HPRegen 0.09/turn               h - ring of willpower
MPRegen 0.08/turn               (no ring)

@: mighty, repel missiles
A: no striking features
a: no special abilities


You were on level 2 of the Dungeon.
You visited 1 branch of the dungeon, and saw 2 of its levels.

You collected 109 gold pieces.

Inventory:

Hand Weapons
 a - a +0 long sword (weapon)
Missiles
 j - 5 sling bullets
Armour
 b - a +0 scale mail (worn)
 e - a +0 tower shield of poison resistance (worn)
 k - a scarf of repulsion (worn)
 l - a +0 pair of gloves (worn)
Jewellery
 h - a ring of willpower (left hand)
Scrolls
 f - 4 scrolls of identify {unknown}
 g - a scroll of torment {unknown}
Potions
 d - a potion of might
 i - a potion of heal wounds {unknown}


   Skills:
 + Level 3.2 Fighting
 + Level 2.6 Long Blades
 + Level 3.2 Armour
 + Level 0.3 Dodging
 + Level 0.4 Stealth
 + Level 3.2 Shields


You had 2 spell levels left.
You didn't know any spells.
Your spell library contained the following spells:

 Spells                   Type           Power      Damage    Failure   Level
 Foxfire                  Conj/Fire      0%         2x1d4     100%        1
 Conjure Flame            Conj/Fire      0%         6-21      100%        3
 Inner Flame              Hex/Fire       0%         N/A       100%        3
 Flame Wave               Conj/Fire      0%         2d4       100%        4


Dungeon Overview and Level Annotations

Branches:
Dungeon (2/15)

Altars:


Message History

k - a scarf of repulsion You start putting on your armour.
You continue putting on your scarf of repulsion. x4
You finish putting on your scarf of repulsion.
You are surrounded by a repulsion field.
There is an open door here.
You see here a +0 pair of gloves.
l - a +0 pair of gloves You start putting on your armour.
You continue putting on your +0 pair of gloves. x4
You finish putting on your +0 pair of gloves.
You drop a +0 buckler.
There is an open door here.
There is a stone staircase leading up here.
A kobold comes into view. It is wielding a +0 dagger.
You barely miss the kobold. You block the kobold's attack.
The kobold hits you but does no damage.
You slash the kobold!
You kill the kobold!
No target in view!
No target in view!
No target in view!
No target in view!
No target in view!
No target in view!
d - 2 potions of might (gained 1)
You see here a +0 dagger.
An ogre comes into view. It is wielding a +0 giant club.
The ogre shouts!
The ogre hits you with a +0 giant club!
You slash the ogre!
The ogre is moderately wounded.
The ogre hits you with a +0 giant club!
Ouch! That really hurt!
* * * LOW HITPOINT WARNING * * *
You see here a +0 buckler.
There is an open door here.
You feel very mighty all of a sudden. The ogre hits you with a +0 giant club!
You die...

.#.##.## #.# ...##.#
#.# .####.# #.##### .#
##+## #.....# .###...##
#.###.# .##.....##
###...#.# .#.......##
##.#.#.#.#
..........####........#
.......[..'....O@...###
..........####...####
.#.......## #..##
.##.....## #.##
.###...## #.# #####'##
#.# ##....# #.#
#.....#### #.#
#........# #.#


You could see an ogre.

Vanquished Creatures
  A bat (D:1)
  4 endoplasms
  4 giant cockroaches
  2 goblins (D:1)
  3 hobgoblins (D:1)
  2 jackals (D:1)
  4 kobolds
  A quokka (D:1)
  2 ball pythons (D:1)
  4 frilled lizards
  4 rats
31 creatures vanquished.

Vanquished Creatures (others)
  2 demonic plants (D:1)
2 creatures vanquished.

Grand Total: 33 creatures vanquished

Notes
Turn   | Place    | Note
-------+----------+-------------------------------------------
     0 | D:1      | seaoflcl the Human Fighter began the quest for the Orb.
     0 | D:1      | Reached XP level 1. HP: 18/18 MP: 1/1
   107 | D:1      | Reached XP level 2. HP: 24/24 MP: 2/2
   515 | D:1      | Reached XP level 3. HP: 20/29 MP: 3/3
   654 | D:1      | Found a faded altar of an unknown god.
  1737 | D:2      | Noticed an ogre
  1781 | D:2      | Slain by an ogre

Illustrated notes

Levels and vault maps discovered:
D:1:      matt_arrival_los_fun, layout_loops_ring, shapermc_ecumenical_altar_gd
D:2:      layout_loops_corners, nicolae_concentric_dashed_squares_mild

Action                   || total
-------------------------++-------
Melee: Long sword        ||   102
  Use: Potion            ||     1
Armor: Scale mail        ||    48
Dodge: Dodged            ||    22
Block: Tower shield      ||    52
       Buckler           ||     2
